TOP OF THE 1ST |
Reno Aces batting - Pitching for Gwinnett Braves : RHP Jesus Fernandez
|
Pitching: RHP Jesus Fernandez
|
|
Batting: RHB Scott Travis
|
0-0: Called Strike 0-1: Swinging Strike 0-2: Ball 1-2: Foul Ball, location: 2F 1-2: Fly out, F4 (Popup, 34D, EV 78.8 MPH)
|
Batting: LHB Steve Reinhart
|
0-0: Ball 1-0: Ball 2-0: Ball 3-0: Called Strike 3-1: Base on Balls
|
Batting: RHB Andy Swaim
|
0-0: Ball 1-0: Foul Ball, location: 2F 1-1: Ball 2-1: Foul Ball, location: 2F 2-2: Foul Ball, location: 2F 2-2: Ball 3-2: Foul Ball, location: 2F 3-2: Foul Ball, location: 2F 3-2: Foul Ball, location: 2F 3-2: SINGLE (Groundball, 6MD, EV 96.9 MPH) Steve Reinhart to second
|
Batting: SHB Salvador Aragon
|
0-0: Called Strike 0-1: Fielders Choice at 2nd, 3-6 (Groundball, 13, EV 85.6 MPH) Steve Reinhart to third
|
Batting: RHB Mario Soto
|
0-0: Ball 1-0: Foul Ball, location: 2F 1-1: Ball 2-1: Foul Ball, location: 2F 2-2: Foul Ball, location: 2F 2-2: Ball 3-2: Base on Balls Salvador Aragon to second
|
Batting: RHB Alex Vasquez
|
0-0: Ball 1-0: Swinging Strike 1-1: Fly out, F9 (Flyball, 9, EV 91.9 MPH)
|
Top of the 1st over - 0 runs, 1 hit, 0 errors, 3 left on base; Reno 0 - Gwinnett 0 |
BOTTOM OF THE 1ST |
Gwinnett Braves batting - Pitching for Reno Aces : RHP Raul Sanchez
|
Pitching: RHP Raul Sanchez
|
|
Batting: RHB Xavier Castellanos
|
0-0: Called Strike 0-1: Ball 1-1: Ball 2-1: Swinging Strike 2-2: Foul Ball, location: 2F 2-2: Strikes out swinging
|
Batting: LHB Helge Jivotovsky
|
0-0: Ball 1-0: SOLO HOME RUN (Flyball, 9D, EV 99.4 MPH), Distance : 377 ft
|
Batting: LHB Edwin Aguilar
|
0-0: Fly out, F6 (Flyball, 4D, EV 85.0 MPH)
|
Batting: LHB Sam Dowdy
|
0-0: Called Strike 0-1: Ball 1-1: Called Strike 1-2: Strikes out swinging
|
Bottom of the 1st over - 1 run, 1 hit, 0 errors, 0 left on base; Reno 0 - Gwinnett 1 |
TOP OF THE 2ND |
Reno Aces batting - Pitching for Gwinnett Braves : RHP Jesus Fernandez
|
Batting: RHB John Gray
|
0-0: Ball 1-0: Ball 2-0: Ball 3-0: Base on Balls
|
Batting: RHB Juan Espinoza
|
0-0: Called Strike 0-1: Ball 1-1: Fielders Choice at 2nd, 6-4 (Groundball, 56, EV 83.8 MPH)
|
Batting: RHB Tai Joo
|
0-0: Ball 1-0: Ball 2-0: Called Strike 2-1: Swinging Strike 2-2: Strikes out swinging
|
Batting: RHB Scott Travis
|
0-0: Ball 1-0: Ball 2-0: Called Strike 2-1: Foul Ball, location: 2F 2-2: Ball 3-2: Base on Balls Juan Espinoza to second
|
Batting: LHB Steve Reinhart
|
0-0: Called Strike 0-1: Ground out 4-3 (Groundball, 4, EV 83.1 MPH)
|
Top of the 2nd over - 0 runs, 0 hits, 0 errors, 2 left on base; Reno 0 - Gwinnett 1 |
BOTTOM OF THE 2ND |
Gwinnett Braves batting - Pitching for Reno Aces : RHP Raul Sanchez
|
Batting: RHB Jesse Lester
|
0-0: Ball 1-0: SINGLE (Groundball, 4M, EV 82.5 MPH) (infield hit)
|
Batting: RHB Cole Bittner
|
0-0: Ball 1-0: Grounds into double play, 6-4-3 (Groundball, 6, EV 81.2 MPH)
|
Batting: RHB Corey Dalton
|
0-0: Ball 1-0: Ball 2-0: Foul Ball, location: 2F 2-1: Ball 3-1: Ground out 6-3 (Groundball, 6, EV 103.1 MPH)
|
Bottom of the 2nd over - 0 runs, 1 hit, 0 errors, 0 left on base; Reno 0 - Gwinnett 1 |
TOP OF THE 3RD |
Reno Aces batting - Pitching for Gwinnett Braves : RHP Jesus Fernandez
|
Batting: RHB Andy Swaim
|
0-0: Foul Ball, location: 2F 0-1: Ball 1-1: Called Strike 1-2: Strikes out swinging
|
Batting: SHB Salvador Aragon
|
0-0: Ball 1-0: Ball 2-0: Ball 3-0: Base on Balls
|
Batting: RHB Mario Soto
|
0-0: Ball 1-0: Ball 2-0: Called Strike 2-1: Ball 3-1: Foul Ball, location: 2F 3-2: Strikes out swinging
|
Batting: RHB Alex Vasquez
|
0-0: Ball 1-0: Ball 2-0: Called Strike 2-1: Ball 3-1: SINGLE (Flyball, 89S, EV 98.1 MPH) Salvador Aragon to second Runner from 2nd tries for 3rd, SAFE, throw by RF made to third
|
Batting: RHB John Gray
|
0-0: Called Strike 0-1: Fielders Choice at 2nd, 6-4 (Groundball, 6, EV 84.4 MPH)
|
Top of the 3rd over - 0 runs, 1 hit, 0 errors, 2 left on base; Reno 0 - Gwinnett 1 |
BOTTOM OF THE 3RD |
Gwinnett Braves batting - Pitching for Reno Aces : RHP Raul Sanchez
|
Batting: RHB Neal Tinoco
|
0-0: Called Strike 0-1: Ball 1-1: Called Strike 1-2: Ball 2-2: Foul Ball, location: 2F 2-2: Strikes out swinging
|
Batting: RHB T.J. Jordan
|
0-0: Called Strike 0-1: Fly out, F9 (Flyball, 9LS, EV 74.4 MPH)
|
Batting: RHB Xavier Castellanos
|
0-0: Ground out U3 (Groundball, 34, EV 85.0 MPH)
|
Bottom of the 3rd over - 0 runs, 0 hits, 0 errors, 0 left on base; Reno 0 - Gwinnett 1 |
TOP OF THE 4TH |
Reno Aces batting - Pitching for Gwinnett Braves : RHP Jesus Fernandez
|
Batting: RHB Juan Espinoza
|
0-0: Ball 1-0: Called Strike 1-1: Foul Ball, location: 2F 1-2: Strikes out swinging
|
Batting: RHB Tai Joo
|
0-0: Foul Ball, location: 2F 0-1: Ball 1-1: Foul Ball, location: 2F 1-2: Strikes out looking
|
Batting: RHB Scott Travis
|
0-0: Ball 1-0: Ball 2-0: Ball 3-0: Called Strike 3-1: Base on Balls
|
Batting: LHB Steve Reinhart
|
0-0: SINGLE (Line Drive, 78S, EV 87.5 MPH) Scott Travis to second
|
Batting: RHB Andy Swaim
|
0-0: Ball 1-0: Ball 2-0: Called Strike 2-1: Ball 3-1: Base on Balls Scott Travis to third Steve Reinhart to second
|
Batting: SHB Salvador Aragon
|
0-0: Ground out 1-3 (Groundball, 13S, EV 77.5 MPH)
|
Top of the 4th over - 0 runs, 1 hit, 0 errors, 3 left on base; Reno 0 - Gwinnett 1 |
BOTTOM OF THE 4TH |
Gwinnett Braves batting - Pitching for Reno Aces : RHP Raul Sanchez
|
Batting: LHB Helge Jivotovsky
|
0-0: Ball 1-0: Ball 2-0: Called Strike 2-1: Ground out 4-3 (Groundball, 4, EV 97.5 MPH)
|
Batting: LHB Edwin Aguilar
|
0-0: Ball 1-0: Ball 2-0: Ball 3-0: Called Strike 3-1: Called Strike 3-2: Ground out 4-3 (Groundball, 4, EV 80.0 MPH)
|
Batting: LHB Sam Dowdy
|
0-0: Ball 1-0: Called Strike 1-1: Ground out 6-3 (Groundball, 6, EV 95.6 MPH)
|
Bottom of the 4th over - 0 runs, 0 hits, 0 errors, 0 left on base; Reno 0 - Gwinnett 1 |
TOP OF THE 5TH |
Reno Aces batting - Pitching for Gwinnett Braves : RHP Jesus Fernandez
|
Batting: RHB Mario Soto
|
0-0: Foul Ball, location: 2F 0-1: Swinging Strike 0-2: Ball 1-2: Ground out 1-3 (Groundball, P, EV 70.0 MPH)
|
Batting: RHB Alex Vasquez
|
0-0: Ball 1-0: Ball 2-0: Foul Ball, location: 2F 2-1: Swinging Strike 2-2: Ground out 6-3 (Groundball, 6, EV 89.4 MPH)
|
Batting: RHB John Gray
|
0-0: Ball 1-0: Ball 2-0: Foul Ball, location: 2F 2-1: Ball 3-1: Foul Ball, location: 2F 3-2: Base on Balls
|
Batting: RHB Juan Espinoza
|
0-0: Foul Ball, location: 2F 0-1: Foul Ball, location: 2F 0-2: SINGLE (Groundball, 4M, EV 88.8 MPH) (infield hit) John Gray to second
|
Pitching: RHP Chris Thompson
|
|
Batting: RHB Tai Joo
|
0-0: Called Strike 0-1: Ball 1-1: Foul Ball, location: 2F 1-2: Ball 2-2: Strikes out swinging
|
Top of the 5th over - 0 runs, 1 hit, 0 errors, 2 left on base; Reno 0 - Gwinnett 1 |
BOTTOM OF THE 5TH |
Gwinnett Braves batting - Pitching for Reno Aces : RHP Raul Sanchez
|
Batting: RHB Jesse Lester
|
0-0: Foul Ball, location: 2F 0-1: Called Strike 0-2: Ball 1-2: Strikes out looking
|
Batting: RHB Cole Bittner
|
0-0: Ball 1-0: Called Strike 1-1: Ball 2-1: SINGLE (Groundball, 6D, EV 94.4 MPH)
|
Batting: RHB Corey Dalton
|
0-0: Ball 1-0: Fly out, F7 (Flyball, 7S, EV 91.9 MPH)
|
Batting: RHB Neal Tinoco
|
0-0: Fly out, F7 (Flyball, 7, EV 87.5 MPH)
|
Bottom of the 5th over - 0 runs, 1 hit, 0 errors, 1 left on base; Reno 0 - Gwinnett 1 |
TOP OF THE 6TH |
Reno Aces batting - Pitching for Gwinnett Braves : RHP Chris Thompson
|
Batting: RHB Scott Travis
|
0-0: Ball 1-0: Called Strike 1-1: Ball 2-1: Called Strike 2-2: Ball 3-2: Foul Ball, location: 2F 3-2: SOLO HOME RUN (Flyball, 7D, EV 95.0 MPH), Distance : 376 ft
|
Batting: LHB Steve Reinhart
|
0-0: Ball 1-0: Fly out, F8 (Flyball, 8RXD, EV 90.6 MPH)
|
Batting: RHB Andy Swaim
|
0-0: Called Strike 0-1: SINGLE (Line Drive, 9S, EV 98.1 MPH)
|
Batting: SHB Salvador Aragon
|
0-0: Called Strike Andy Swaim steals 2nd base 0-1: Single, Error in OF, E7, batter to second base (Groundball, 56D, EV 104.4 MPH) Andy Swaim scores
|
Batting: RHB Mario Soto
|
0-0: Foul Ball, location: 2F 0-1: Foul Ball, location: 2F 0-2: Fly out, F9 (Flyball, 9S, EV 91.9 MPH)
|
Batting: RHB Alex Vasquez
|
0-0: SINGLE (Groundball, 6M, EV 100.0 MPH) Salvador Aragon to third Runner from 3rd tries for Home, SAFE, throw by CF to home
|
Batting: RHB John Gray
|
0-0: Ball 1-0: Ground out 4-3 (Groundball, 34, EV 81.9 MPH)
|
Top of the 6th over - 3 runs, 4 hits, 1 error, 1 left on base; Reno 3 - Gwinnett 1 |
BOTTOM OF THE 6TH |
Gwinnett Braves batting - Pitching for Reno Aces : RHP Raul Sanchez
|
Batting: RHB T.J. Jordan
|
0-0: Foul Ball, location: 2F 0-1: Foul Ball, location: 2F 0-2: Ball 1-2: SINGLE (Groundball, 4MD, EV 103.1 MPH)
|
Batting: RHB Xavier Castellanos
|
0-0: Ball 1-0: DOUBLE (Line Drive, 9LS, EV 95.6 MPH) T.J. Jordan to third
|
Batting: LHB Helge Jivotovsky
|
0-0: Foul Ball, location: 2F 0-1: Ball 1-1: Ball 2-1: Called Strike 2-2: Ground out 2-3 (Groundball, 15S, EV 66.2 MPH)
|
Batting: LHB Edwin Aguilar
|
0-0: Ball 1-0: Foul Ball, location: 2F 1-1: Foul Ball, location: 2F 1-2: Ball 2-2: Ground out 4-3 (Groundball, 4, EV 109.4 MPH) T.J. Jordan scores Xavier Castellanos to third
|
Batting: LHB Sam Dowdy
|
0-0: Fly out, F8 (Flyball, 8RM, EV 82.5 MPH)
|
Bottom of the 6th over - 1 run, 2 hits, 0 errors, 1 left on base; Reno 3 - Gwinnett 2 |
TOP OF THE 7TH |
Reno Aces batting - Pitching for Gwinnett Braves : RHP Chris Thompson
|
Pitching: RHP Chong-hun Park
|
|
Batting: RHB Juan Espinoza
|
0-0: Foul Ball, location: 2F 0-1: Foul Ball, location: 2F 0-2: Fly out, F9 (Flyball, 9D, EV 104.4 MPH)
|
Batting: RHB Tai Joo
|
0-0: Foul Ball, location: 2F 0-1: Ball 1-1: Foul Ball, location: 2F 1-2: Ball 2-2: Ground out 4-3 (Groundball, 4D, EV 108.1 MPH)
|
Batting: RHB Scott Travis
|
0-0: Ball 1-0: Ground out 6-3 (Groundball, 6S, EV 66.9 MPH)
|
Top of the 7th over - 0 runs, 0 hits, 0 errors, 0 left on base; Reno 3 - Gwinnett 2 |
BOTTOM OF THE 7TH |
Gwinnett Braves batting - Pitching for Reno Aces : RHP Raul Sanchez
|
Batting: RHB Jesse Lester
|
0-0: Called Strike 0-1: SINGLE (Groundball, 56D, EV 103.8 MPH)
|
Batting: RHB Cole Bittner
|
0-0: Bunted foul 0-1: Sac Bunt to 2R - play at first, batter OUT! 2-4 Jesse Lester to second
|
Batting: RHB Corey Dalton
|
0-0: Ball 1-0: Fly out, F6 (Line Drive, 6, EV 61.2 MPH)
|
Batting: RHB Neal Tinoco
|
0-0: Called Strike 0-1: Called Strike 0-2: Foul Ball, location: 2F 0-2: Ball 1-2: Fly out, F9 (Flyball, 89S, EV 96.2 MPH)
|
Bottom of the 7th over - 0 runs, 1 hit, 0 errors, 1 left on base; Reno 3 - Gwinnett 2 |
TOP OF THE 8TH |
Reno Aces batting - Pitching for Gwinnett Braves : RHP Chong-hun Park
|
Batting: LHB Steve Reinhart
|
0-0: Ball 1-0: Foul Ball, location: 2F 1-1: Foul Ball, location: 2F 1-2: Ball 2-2: Strikes out swinging
|
Batting: RHB Andy Swaim
|
0-0: Swinging Strike 0-1: Ball 1-1: Ball 2-1: Called Strike 2-2: Foul Ball, location: 2F 2-2: Ground out 5-3 (Groundball, 56, EV 104.4 MPH)
|
Batting: SHB Salvador Aragon
|
0-0: Ball 1-0: SINGLE (Line Drive, 4MD, EV 95.6 MPH)
|
Batting: RHB Mario Soto
|
0-0: Called Strike 0-1: Fly out, F9 (Flyball, 9, EV 93.8 MPH)
|
Top of the 8th over - 0 runs, 1 hit, 0 errors, 1 left on base; Reno 3 - Gwinnett 2 |
BOTTOM OF THE 8TH |
Gwinnett Braves batting - Pitching for Reno Aces : RHP Raul Sanchez
|
Batting: RHB T.J. Jordan
|
0-0: Ball 1-0: Fly out, F7 (Flyball, 7, EV 95.6 MPH)
|
Batting: RHB Xavier Castellanos
|
0-0: Ground out 6-3 (Groundball, 56, EV 105.6 MPH)
|
Batting: LHB Helge Jivotovsky
|
0-0: Ball 1-0: Fly out, F7 (Flyball, 7S, EV 79.4 MPH)
|
Bottom of the 8th over - 0 runs, 0 hits, 0 errors, 0 left on base; Reno 3 - Gwinnett 2 |
TOP OF THE 9TH |
Reno Aces batting - Pitching for Gwinnett Braves : RHP Chong-hun Park
|
Batting: RHB Alex Vasquez
|
0-0: Ball 1-0: Foul Ball, location: 2F 1-1: Foul Ball, location: 2F 1-2: SINGLE (Groundball, 4MS, EV 69.4 MPH) (infield hit)
|
Batting: RHB John Gray
|
0-0: Sac Bunt to 13S - play at first, batter safe! Alex Vasquez to second
|
Batting: RHB Juan Espinoza
|
0-0: Swinging Strike 0-1: Swinging Strike 0-2: Strikes out swinging
|
Batting: RHB Tai Joo
|
0-0: Called Strike 0-1: Foul Ball, location: 2F 0-2: Ball 1-2: Strikes out looking
|
Batting: RHB Scott Travis
|
0-0: Ball 1-0: Ground out 4-3 (Groundball, 4, EV 81.2 MPH)
|
Top of the 9th over - 0 runs, 2 hits, 0 errors, 2 left on base; Reno 3 - Gwinnett 2 |
BOTTOM OF THE 9TH |
Gwinnett Braves batting - Pitching for Reno Aces : RHP Raul Sanchez
|
Pitching: RHP Nick Burcham
|
|
Batting: LHB Edwin Aguilar
|
0-0: Called Strike 0-1: Ball 1-1: Ball 2-1: Ground out 6-3 (Groundball, 6M, EV 83.1 MPH)
|
Batting: LHB Sam Dowdy
|
0-0: Fly out, F5 (Popup, 25F, EV 90.0 MPH)
|
Batting: RHB Jesse Lester
|
0-0: Ball 1-0: Ball 2-0: Foul Ball, location: 2F 2-1: Swinging Strike 2-2: Ball 3-2: Foul Ball, location: 2F 3-2: Foul Ball, location: 2F 3-2: Base on Balls
|
Batting: RHB Cole Bittner
|
0-0: 2-RUN HOME RUN (Flyball, 78XD, EV 96.2 MPH), Distance : 387 ft
|
Bottom of the 9th over - 2 runs, 1 hit, 0 errors, 0 left on base; Reno 3 - Gwinnett 4 |
|
Game Over ... Gwinnett defeats Reno, 4 to 3
|
|
|